 Dungeon Crawl Stone Soup version 0.17.1-3-g152610e (webtiles) character file.

119 kaze the Chopper (level 4, -3/34 HPs)
             Began as a Demonspawn Gladiator on Apr 8, 2016.
             Was a Follower of Kikubaaqudgha.
             Slain by an ice beast (4 damage)
             ... on level 3 of the Dungeon.
             The game lasted 00:05:37 (1350 turns).

kaze the Chopper (Demonspawn Gladiator)             Turns: 1350, Time: 00:05:37

Health: -3/34      AC: 12    Str: 17    XL:     4   Next: 73%
Magic:  4/4        EV:  6    Int:  9    God:    Kikubaaqudgha [*.....]
Gold:   83         SH:  0    Dex: 13    Spells: 1 memorised, 2 levels left

rFire  . . .     SeeInvis .     q - -2 spear (curse)
rCold  . . .     Clarity  .     f - +1 plate armour {MR+}
rNeg   . . .     SustAt   .     (no shield)
rPois  .         Gourm    .     c - +0 helmet
rElec  .         Spirit   .     (no cloak)
rCorr  .         Warding  .     (no gloves)
rMut   .         Stasis   .     (no boots)
MR     +....                    (no amulet)
Stlth  ..........               (no ring)
                                (no ring)

@: somewhat resistant to hostile enchantments, extremely unstealthy
A: powered by death 1
a: Receive Corpses, Renounce Religion


You were on level 3 of the Dungeon.
You worshipped Kikubaaqudgha.
Kikubaaqudgha was aware of your devotion.
You were not hungry.

You visited 1 branch of the dungeon, and saw 3 of its levels.

You collected 83 gold pieces.

Inventory:

Hand Weapons
 a - a +0 war axe
 q - a cursed -2 spear (weapon)
Missiles
 d - 3 throwing nets (quivered)
Armour
 b - a +0 leather armour
 c - a +0 helmet (worn)
 f - a +1 plate armour of magic resistance (worn)
Scrolls
 g - 2 scrolls of identify
 m - 2 scrolls of random uselessness
 n - a scroll of magic mapping
Potions
 h - a potion of agility {unknown}
 j - a potion of curing {unknown}
 k - 2 potions of brilliance {unknown}
 o - 2 potions of cure mutation {unknown}
 r - a potion of magic {unknown}
Books
 s - Kikubaaqudgha's Disquisition on Black Secrets
   (Kikubaaqudgha gifted it to you on level 2 of the Dungeon)

   Spells                             Type                      Level
   a - Pain                           Necromancy                   1
   b - Corpse Rot                     Necromancy                   2
   c - Sublimation of Blood           Necromancy                   2
   d - Regeneration                   Charms/Necromancy            3
   e - Control Undead                 Necromancy                   4
Comestibles
 e - a bread ration
 i - a meat ration
 l - 2 fruits
 p - a slice of pizza


   Skills:
 + Level 2.7 Fighting
 + Level 3.7 Axes
 + Level 0.1(2.2) Polearms
 + Level 2.1 Throwing
 + Level 1.1 Armour
 + Level 3.3 Dodging


You had 2 spell levels left.
You knew the following spells:

 Your Spells              Type           Power        Failure   Level  Hunger
a - Pain                  Necr           #...         100%        1    ##.....


Dungeon Overview and Level Annotations

Branches:
Dungeon (3/15)

Altars:
Kikubaaqudgha


Innate Abilities, Weirdness & Mutations

You regenerate a little health from kills.


Message History

You are too injured to fight recklessly!
You are too injured to fight recklessly!
You are too injured to fight recklessly!
You hit the ice beast but do no damage.
The ice beast is lightly wounded.
The ice beast hits you.
* * * LOW HITPOINT WARNING * * *
The ice beast freezes you!
* * * LOW HITPOINT WARNING * * *
You hit the ice beast.
The ice beast is moderately wounded.
The ice beast hits you but does no damage.
You closely miss the ice beast.
The ice beast is moderately wounded.
The ice beast hits you but does no damage.
You hit the ice beast.
The ice beast is heavily wounded.
The ice beast hits you.
You die...
Kikubaaqudgha rasps: "You have failed me!
Welcome... death!"

###. #.#
#.##.##.......#.#
#. #.# #.##.
####.####.# ##
#.# #.##. #.# #.#
#. #.# #.# #. #.#
#.# #.# #.## #.#
#..# ########.#
##.# #.Y@.....#
#.#
......########
#.# ##.#.
######.# ..
#...##.# #.
#......# ..
#...#### # ##.##
#.# #.#


You could see an ice beast.

Vanquished Creatures
  Robin (D:2)
  3 adders
  An ooze (D:2)
  3 worms (D:2)
  2 giant geckos
  2 ball pythons
  4 giant cockroaches
  17 goblins
  12 hobgoblins
  8 kobolds
  3 quokkas (D:2)
  4 bats
  2 giant newts (D:2)
  4 rats
66 creatures vanquished.

Notes
Turn   | Place    | Note
--------------------------------------------------------------
     0 | D:1      | kaze the Demonspawn Gladiator began the quest for the Orb.
     0 | D:1      | Reached XP level 1. HP: 16/16 MP: 1/1
    88 | D:1      | Gained mutation: You regenerate a little health from kills. [demonic ancestry]
    88 | D:1      | Reached XP level 2. HP: 17/22 MP: 2/2
   148 | D:1      | Reached skill level 3 in Dodging
   458 | D:1      | Reached XP level 3. HP: 27/27 MP: 3/3
   755 | D:2      | Noticed Robin
   766 | D:2      | Reached XP level 4. HP: 30/34 MP: 4/4
   782 | D:2      | Killed Robin
   831 | D:2      | Reached skill level 1 in Armour
   868 | D:2      | Found a faded altar to an unknown god.
   966 | D:2      | Became a worshipper of Kikubaaqudgha
   966 | D:2      | Reached * piety under Kikubaaqudgha
   966 | D:2      | Received a gift from Kikubaaqudgha
   969 | D:2      | Identified Kikubaaqudgha's Disquisition on Black Secrets (Kikubaaqudgha gifted it to you on level 2 of the Dungeon)
  1217 | D:3      | Learned a level 1 spell: Pain
  1328 | D:3      | Noticed an ice beast
  1347 | D:3      | HP: 1/34 [ice beast (7)]
  1350 | D:3      | Slain by an ice beast

Action                   |  1- 3 |  4- 6 || total
-------------------------+-------+-------++-------
Melee: War axe           |    98 |    15 ||   113
       Spear             |       |   109 ||   109
Invok: Receive Corpses   |       |     1 ||     1
  Use: Scroll            |       |     4 ||     4
  Eat: Bread ration      |       |     1 ||     1
